 Dungeon Crawl Stone Soup version 0.23-a0-49-gd9f7a49 (webtiles) character file.

4 Amnesiac the Gusty (level 1, -5/13 HPs)
             Began as a Mummy Air Elementalist on Aug 7, 2018.
             Slain by an orc
             ... wielding a +0 mace
              (9 damage)
             ... on level 3 of the Dungeon.
             The game lasted 00:01:19 (422 turns).

Amnesiac the Gusty (Mummy Air Elementalist)          Turns: 422, Time: 00:01:20

Health: -5/13      AC:  2    Str: 11    XL:     1   Next: 58%
Magic:  4/4        EV: 12    Int: 14    God:
Gold:   16         SH:  0    Dex: 12    Spells: 4/5 levels left

rFire    x . .     SeeInvis .   (no weapon)
rCold    + . .     Gourm    .   (no shield)
rNeg     + + +     Faith    .   a - +0 robe
rPois    ∞         Spirit   .   (no helmet)
rElec    .         Reflect  .   (no cloak)
rCorr    .         Harm     .   (no gloves)
MR       .....                  (no boots)
Stlth    ++........             (no amulet)
HPRegen  0.04/turn              (no ring)
MPRegen  0.09/turn              (no ring)

@: no status effects
A: no food or potions, fire vulnerability, cold resistance 1, negative energy
resistance 3, torment resistance, unbreathing
a: no special abilities


You were on level 3 of the Dungeon.
You were not hungry.

You visited 1 branch of the dungeon, and saw 3 of its levels.

You collected 16 gold pieces.

Inventory:

Armour
 a - a +0 robe (worn)
Scrolls
 b - 2 scrolls of noise {!r, unknown}
 c - a scroll of random uselessness {!r, unknown}
 d - a scroll of remove curse {!r, unknown}
 e - a scroll of teleportation {!r, unknown}
 f - a scroll of fog {!r, unknown}


   Skills:
 - Level 1.5 Dodging
 - Level 1.5 Stealth
 + Level 2.6 Spellcasting
 - Level 0.7 Conjurations
 * Level 2.7 Air Magic


You had 4 spell levels left.
You knew the following spells:

 Your Spells              Type           Power        Failure   Level  Hunger
a - Shock                 Conj/Air       #...         11%         1    N/A

Your spell library contained the following spells:

 Spells                   Type           Power        Failure   Level  Hunger
 Lightning Bolt           Conj/Air       #.........   97%         5    N/A
 Swiftness                Chrm/Air       #.......     19%         2    N/A
 Airstrike                Air            #.........   56%         4    N/A
 Static Discharge         Conj/Air       #.......     32%         3    N/A

Dungeon Overview and Level Annotations

Branches:
Dungeon (3/15)

Altars:

Annotations:
D:3 exclusions: goblin and kobold


Innate Abilities, Weirdness & Mutations

You do not eat or drink.
Your flesh is vulnerable to fire.
You are immune to poison.
Your flesh is cold resistant. (rC+)
You are immune to negative energy. (rN+++)
You are immune to unholy pain and torment.
You can survive without breathing.


Message History

e - a scroll labeled TIP MEGUFUUNIE {!r} You see here 21 stones.
A kobold comes into view. It is wielding a club.
A kobold is nearby!
Press: ? - help, v - describe, . - travel
Here: a kobold, wielding a club (resting)
The floor.
Placed new exclusion.
You see here 21 stones.
You see here 14 bolts.
You see here a rat corpse.
A goblin comes into view. It is wielding a club.
A goblin is nearby!
A goblin is nearby!
Found a scale mail and 17 poisoned needles.
You see here a scale mail.
You see here 17 poisoned needles.
f - a scroll labeled ROUVUDUMIS {!r} A ball python comes into view.
A ball python is nearby!
The helpless ball python fails to defend itself.
You hit the ball python.
The ball python is severely wounded.
The ball python barely misses you. x2
You hit the ball python.
You kill the ball python!
Training target 2.7 for Air Magic reached!
You need to enable at least one skill for training.
Casting: Shock (safe; 11% risk of failure)
Confirm with . or Enter, or press ? or * to list all spells.
You don't know that spell.
Casting: Shock (safe; 11% risk of failure)
Confirm with . or Enter, or press ? or * to list all spells.
You don't know that spell.
Unknown command.
An orc comes into view. It is wielding a mace.
An orc is nearby!
An orc is nearby!
You closely miss the orc. The orc barely misses you.
You closely miss the orc. The orc closely misses you.
You hit the orc.
The orc is lightly wounded.
The orc closely misses you.
You hit the orc.
The orc is moderately wounded.
The orc hits you with a mace.
You barely miss the orc.
The orc is moderately wounded.
You hit the orc.
The orc is heavily wounded.
The orc hits you with a mace!
Ouch! That really hurt!
* * * LOW HITPOINT WARNING * * *
You closely miss the orc.
The orc is heavily wounded.
The orc barely misses you.
You barely miss the orc.
The orc is heavily wounded.
The orc barely misses you.
You hit the orc.
The orc is almost dead.
The orc hits you with a mace!
Ouch! That really hurt!
You die...

.. #...# #. #...#
#.##.# #....#
#†.### #..# #..#
######## ...# #.o#
....K... #..# #.@##
######. #..# #...#
#...(.. ##..# ##..#
#.##### ....# #..#
#.# #..# #..# #.#
##..### #..# #.#
......##########..#
#.#
##..#.#.(.........#
#.#
#..#.#[#########.#
#.#


You could see an orc.

Vanquished Creatures
  A ball python (D:3)
  A goblin (D:3)
  A frilled lizard (D:2)
  2 rats
5 creatures vanquished.

Notes
Turn   | Place    | Note
-------+----------+-------------------------------------------
     0 | D:1      | Amnesiac the Mummy Air Elementalist began the quest for the Orb.
     0 | D:1      | Reached XP level 1. HP: 13/13 MP: 4/4
   422 | D:3      | Slain by an orc

Vault maps used:
D:1:      ldierk_walled_garden_2
D:2:      okawaru_metal_pillars_1_2, nemelex_xobeh_ov_fountains_minmay,
          chequers_temple_overflow_minitemple, guppyfry_early_lair_pool
D:3:      first_ration, st_stairs_5

Action                   || total
-------------------------++-------
Melee: Unarmed           ||    24
 Stab: Sleeping          ||     1
Armor: Robe              ||     2
Dodge: Dodged            ||    12

Table legend:
 A = Spawn XP
 B = Non-spawn XP
 C = Spawn XP percentage of total XP
 D = Spawn monster count
 E = Non-spawn monster count
 F = Spawn count percentage of total count
 G = Total turns spent on level
                    A         B        C        D         E        F      G
               +---------+---------+-------+---------+---------+-------+---------
         Total |       0 |       7 |   0.0 |       0 |       5 |   0.0 |   422
               +---------+---------+-------+---------+---------+-------+---------
           D:2 |       0 |       2 |   0.0 |       0 |       2 |   0.0 |   209
           D:3 |       0 |       5 |   0.0 |       0 |       3 |   0.0 |   195
               +---------+---------+-------+---------+---------+-------+---------
